 Dungeon Crawl Stone Soup version 0.30-a0-672-gc3a7216ad8 (webtiles) character file.

Game seed: 9755284270098974816

162384 greasedhog the Acrobat (level 17, -15/147 HPs)
             Began as a Merfolk Fighter on Jan 18, 2023.
             Was a High Priest of Okawaru.
             Succumbed to poison (dark miasma)
             ... in the Arena.
             The game lasted 01:08:58 (35375 turns).

greasedhog the Acrobat (Merfolk Fighter)           Turns: 35375, Time: 01:08:58

Health: -15/147    AC: 15    Str: 22    XL:     17   Next: 81%
Magic:  15/27      EV: 26    Int: 12    God:    Okawaru [*****.]
Gold:   4623       SH: 21    Dex: 15    Spells: 16/16 levels left

rFire   + . .      SeeInvis .    b - +8 double sword of the Snake Pit {venom, rPois Int+4}
rCold   + + .      Faith    .    l - +1 kite shield {rF+}
rNeg    . . .      Spirit   .    U - +2 steam dragon scales "Ytuliuf" {+Blink Str+4}
rPois   +          Reflect  +    N - +2 hat
rElec   .          Harm     .    S - +0 cloak
rCorr   +          Rampage  .    Y - +1 pair of gloves
Will    +....                    e - +0 pair of boots of Kuekatot {rPois rC+ Dex-4 Stlth+}
Stlth   ++++                     M - amulet of reflection
HPRegen 0.44/turn                O - ring of resist corrosion
MPRegen 0.20/turn                q - ring of protection from cold

@: lethally poisoned (-15 -> -67), heroic, finesse-ful, duelling, slowed, very
slow
A: (nimble swimmer 2), mertail
a: Renounce Religion, Evoke Blink, Heroism, Finesse, Duel


You were in the Arena.
You worshipped Okawaru.
Okawaru was extremely pleased with you.
You visited 5 branches of the dungeon, and saw 27 of its levels.
You also visited: Sewer, Ossuary, Bailey and Ice Cave.

You collected 4623 gold pieces.

Inventory:

Hand Weapons
 a - a +3 scimitar of flaming
 b - the +8 double sword of the Snake Pit (weapon) {venom, rPois Int+4}
   (You acquired it on level 13 of the Dungeon)

   Int:       It affects your intelligence (+4).
   rPois:     It protects you from poison.
 R - a +2 long sword of holy wrath
Missiles
 k - a throwing net
 y - 20 boomerangs (quivered)
 Q - 6 silver boomerangs
Armour
 e - the +0 pair of boots of Kuekatot (worn) {rPois rC+ Dex-4 Stlth+}
   (You found it on level 14 of the Dungeon)

   Dex:       It affects your dexterity (-4).
   rC:        It protects you from cold.
   rPois:     It protects you from poison.
   Stlth:     It makes you more stealthy.
 l - a +1 kite shield of fire resistance (worn)
 N - a +2 hat (worn)
 S - a +0 cloak (worn)
 T - a +0 kite shield of reflection
 U - the +2 steam dragon scales "Ytuliuf" (worn) {+Blink Str+4}
   (You took it off a spriggan in a bailey)

   Str:       It affects your strength (+4).
   +Blink:    It lets you blink.
 Y - a +1 pair of gloves (worn)
Jewellery
 n - a +5 ring of evasion
 q - a ring of protection from cold (right hand)
 K - a ring of poison resistance
 M - an amulet of reflection (around neck)
 O - a ring of resist corrosion (left hand)
 V - the ring "Zity" {Ice Drain rN+ Will+ Str+3}
   (You found it in an ice cave)

   [ring of ice]

   It enhances your ice magic.
   Str:       It affects your strength (+3).
   rF:        It makes you vulnerable to fire.
   rC:        It protects you from cold.
   rN:        It protects you from negative energy.
   Drain:     It drains your maximum health when unequipped.
   Will:      It increases your willpower.
Wands
 c - a wand of digging (10)
 r - a wand of iceblast (7)
 G - a wand of flame (11)
 L - a wand of paralysis (33)
 W - a wand of acid (24)
 Z - a wand of mindburst (8)
Scrolls
 f - 5 scrolls of poison
 h - 14 scrolls of teleportation
 i - a scroll of amnesia
 m - 5 scrolls of immolation
 p - a scroll of identify
 s - 5 scrolls of fear
 u - 4 scrolls of torment
 v - 3 scrolls of enchant weapon
 w - a scroll of silence
 A - 4 scrolls of magic mapping
 C - 7 scrolls of fog
 E - 4 scrolls of blinking
 P - 8 scrolls of enchant armour
Potions
 d - 11 potions of might
 g - 4 potions of attraction
 j - 3 potions of magic
 o - 2 potions of mutation
 t - 6 potions of curing
 x - 9 potions of heal wounds
 z - 7 potions of brilliance
 B - 5 potions of ambrosia
 D - 5 potions of haste
 F - 4 potions of invisibility
 H - 4 potions of lignification
 I - 5 potions of flight
 J - 2 potions of cancellation
 X - 2 potions of resistance


   Skills:
 + Level 17.3(22.3) Fighting
 - Level 16.0(21.0) Long Blades
 - Level 2.1(7.1) Armour
 * Level 21.3(26.3) Dodging
 - Level 13.6(18.6) Shields
 - Level 13.5 Invocations


You had 16 spell levels left.
You didn't know any spells.
Your spell library contained the following spells:

 Spells                   Type           Power      Damage    Failure   Level
 Apportation              Tloc           0%         N/A       43%         1
 Necrotise                Necr           0%         1d4       43%         1
 Slow                     Hex            0%         N/A       43%         1
 Sting                    Tmut/Pois      0%         1d3       43%         1
 Ensorcelled Hibernation  Hex/Ice        0%         N/A       58%         2
 Lesser Beckoning         Tloc           0%         N/A       58%         2
 Passwall                 Tmut/Erth      0%         N/A       58%         2
 Poisonous Vapours        Pois/Air       0%         N/A       58%         2
 Confusing Touch          Hex            0%         N/A       82%         3
 Dazzling Flash           Conj/Hex       0%         N/A       82%         3
 Frozen Ramparts          Ice            0%         1d1       82%         3
 Gell's Gravitas          Tloc           0%         N/A       82%         3
 Ignite Poison            Fire/Tmut/Pois 0%         N/A       82%         3
 Kindle Blastsparks       Fire/Tloc/Air  0%         2d10      82%         3
 Portal Projectile        Hex/Tloc       0%         N/A       82%         3
 Stone Arrow              Conj/Erth      0%         3d7       82%         3
 Swiftness                Air            0%         N/A       82%         3
 Teleport Other           Tloc           0%         N/A       82%         3
 Vampiric Draining        Necr           0%         2d6       82%         3
 Airstrike                Air            0%         2d(0-16)  99%         4
 Cause Fear               Hex            0%         N/A       99%         4
 Ice Form                 Ice/Tmut       0%         N/A       99%         4
 Olgreb's Toxic Radiance  Pois           0%         N/A       99%         4
 Agony                    Necr           0%         N/A       100%        5
 Blade Hands              Tmut           0%         N/A       100%        5
 Borgnjor's Vile Clutch   Necr/Erth      0%         N/A       100%        5
 Freezing Cloud           Conj/Ice/Air   0%         6-21      100%        5
 Lightning Bolt           Conj/Air       0%         1d11      100%        5
 Silence                  Hex/Air        0%         N/A       100%        5
 Yara's Violent Unravell  Hex/Tmut       0%         3d3       100%        5
 Dispersal                Tloc           0%         N/A       100%        6
 Dragon Form              Tmut           0%         N/A       100%        7
 Enfeeble                 Hex            0%         N/A       100%        7
 Ozocubu's Refrigeration  Ice            0%         4d7       100%        7
 Ignition                 Fire           0%         3d3       100%        8
 Lehudib's Crystal Spear  Conj/Erth      0%         10d2      100%        8
 Polar Vortex             Ice            0%         N/A       100%        9
 Summon Small Mammal      Summ           Unusable   N/A       N/A         1
 Tukima's Dance           Hex            Unusable   N/A       N/A         3
 Animate Armour           Summ/Erth      Unusable   N/A       N/A         4
 Summon Ice Beast         Ice/Summ       Unusable   N/A       N/A         4
 Summon Lightning Spire   Summ/Air       Unusable   N/A       N/A         4
 Simulacrum               Ice/Necr       Unusable   N/A       N/A         6
 Dragon's Call            Summ           Unusable   N/A       N/A         9

Dungeon Overview and Level Annotations

Branches:
Dungeon (15/15)            Temple (1/1) D:4            Lair (5/5) D:11
  Swamp (4/4) Lair:2       Spider (0/4) Lair:2        Slime (0/5) Lair:4
    Orc (2/2) D:12            Elf (0/3) Orc:2        Vaults (0/5) D:13
 Depths (0/4) D:15          Sewer (visited)         Ossuary (visited)
 Bailey (visited)           IceCv (visited)

Altars:
Ashenzari
Cheibriados
Dithmenos
Elyvilon
Fedhas
Gozag
Hepliaklqana
Kikubaaqudgha
Makhleb
Nemelex Xobeh
Okawaru
Qazlal
Ru
Sif Muna
Trog
Uskayaw
Vehumet
Wu Jian
Xom
Yredelemnul
Zin
The Shining One
Jiyva

Shops:
D:9 (   D:13 :   Orc:1 (=   Orc:2 [[=[


Innate Abilities, Weirdness & Mutations

((You are very nimble when in or above water. (Stealth+, EV+, Speed+++)))
Your lower body shifts to a powerful aquatic tail in water.


Message History

The foul vapour engulfs you!
You feel as though you will be slow longer.
* * * LOW HITPOINT WARNING * * *
You block the death drake's attack.
The spectator shouts! x4
You slice the death drake!!
The death drake looks as sick as possible!
The death drake is moderately wounded.
You block the death drake's attack.
You slash the death drake!
The death drake looks as sick as possible!
The death drake is heavily wounded.
You feel sick.
You slash the death drake!
The death drake is severely wounded.
The death drake completely misses you.
You hit the death drake.
The death drake is severely wounded.
You feel sick. The death drake breathes miasma at you.
The foul vapour engulfs you!
You feel as though you will be slow longer.
* * * LOW HITPOINT WARNING * * *
You hit the death drake.
The death drake is severely wounded.
You are engulfed in dark miasma.
You are lethally poisoned!
* * * LOW HITPOINT WARNING * * *
x2 You feel very sick.
You block the death drake's attack.
You slice the death drake!!
You kill the death drake!
Okawaru accepts your kill. Okawaru crowns you victorious!
An exit appears.
You are engulfed in dark miasma.
* * * LOW HITPOINT WARNING * * *
x2 You feel very sick.
You are engulfed in dark miasma.
You are more poisoned.
* * * LOW HITPOINT WARNING * * *
You die...

###########
##..p▓p▓p..##
##▓▓▓▓▓▓▓▓▓▓▓##
#.▓.........▓.#
#.▓.#.....#.▓.#
#p▓....°....▓p#
#▓▓...°°°...▓▓#
#p▓...@☼°...°∩#
#▓▓...°°°...▓▓#
#p▓.........▓p#
#.▓.#.....#.▓.#
#.▓.........▓.#
##▓▓▓▓▓▓▓▓▓▓▓##
##..p▓p▓p..##
###########


There were no monsters in sight!

Vanquished Creatures
  A tentacled monstrosity (Swamp:3)
  Mlioglotl (Swamp:2)
  Gastronok (Lair:2)
  2 thorn hunters (Swamp:3)
  Kirke (D:15)
  An azure jelly (IceCv)
  A fire giant (D:15)
  Louise (D:15)
  The ghost of samgaumpmail the Grappler, a journeyman TrTm of Gozag (D:12)
  3 quicksilver oozes (IceCv)
  Nessos (Lair:4)
  3 eleionomae
  4 bunyips
  Snorg (Lair:5)
  4 hydras
  3 catoblepae
  A vault guard (D:13)
  5 centaur warriors
  An ice dragon (Lair:5)
  18 two-headed ogres
  A death knight (D:15)
  4 ogre magi
  7 alligators
  An anaconda (Lair:5)
  Erica (D:9)
  5 death yaks (Lair:5)
  2 boulder beetles
  4 tengu warriors
  Urug (Lair:5)
  Sonja (Lair:5)
  A fire crab (Lair:5)
  3 goliath frogs
  A death drake (Arena)
  Lodul (D:9)
  11 bog bodies
  3 lindwurms (Lair:5)
  6 swamp dragons
  Pikel (D:8)
  2 phantasmal warriors
  4 wizards
  A deep elf pyromancer (D:8)
  3 orc knights
  3 will-o-the-wisps
  2 orc sorcerers (D:12)
  12 ugly things
  3 manticores
  7 cyclopes
  2 ice statues (IceCv)
  20 elephants
  8 black mambas
  A black mamba (shapeshifter) (D:13)
  2 gargoyles
  10 torpor snails
  5 komodo dragons
  4 swamp worm zombies (Swamp:4)
  10 cane toads
  2 kobold demonologists
  15 rime drakes
  An efreet (D:15)
  3 freezing wraiths
  A yaktaur (shapeshifter) (D:13)
  5 yaktaurs
  3 tengu conjurers
  3 meliai (D:13)
  7 trolls
  3 polar bears
  A polar bear (shapeshifter) (D:15)
  15 hornets
  2 queen bees
  3 alligator zombies (Swamp:4)
  12 tyrant leeches
  A blink frog (shapeshifter) (D:15)
  A tarantella (shapeshifter) (D:14)
  5 dream sheep (Lair:3)
  4 blink frogs
  A raiju (shapeshifter) (D:14)
  2 centaur simulacra (D:11)
  33 slime creatures
  12 wyverns
  11 spriggans
  3 wraiths
  A jumping spider (Lair:2)
  4 shadows
  A vampire (D:12)
  3 hogs (D:15)
  22 humans
  4 fire bats (D:11)
  35 yaks
  9 basilisks
  15 steam dragons
  2 redbacks (Lair:2)
  3 wargs
  5 acid dragons
  9 vampire mosquitoes
  A hell hound (D:11)
  13 swamp worms
  19 water moccasins
  3 black bears (D:6)
  4 ice beasts
  17 orc warriors
  2 swamp drakes
  5 great orb of eyes simulacra (IceCv)
  2 sky beasts
  45 ogres
  8 centaurs
  9 wolves
  2 slime creature simulacra (IceCv)
  4 boggarts (D:15)
  3 phantoms
  4 lemures (D:8)
  3 kobold brigands
  12 bullfrogs
  3 glowing shapeshifter simulacra (IceCv)
  A necrophage (D:6)
  5 scorpions
  4 gnoll sergeants
  7 wights
  44 killer bees
  3 howler monkeys
  4 electric eels
  2 lava snakes (D:11)
  6 jellies
  12 orc priests
  5 hounds
  Jessica (D:3)
  A gnoll bouda (D:9)
  A hell rat (Lair:5)
  4 iguanas
  16 orc wizards
  3 shapeshifter simulacra (IceCv)
  8 mummies (Ossuary)
  16 gnolls
  14 adders
  6 river rats
  5 white imps (D:11)
  2 ufetubi
  4 worms
  4 dart slugs
  53 orcs
  19 ball pythons
  3 endoplasms
  13 giant cockroaches
  A gnoll zombie (Ossuary)
  3 goblins
  7 hobgoblins
  19 kobolds
  4 quokkas
  8 bats
  8 frilled lizards
  A hobgoblin zombie (Ossuary)
  2 kobold zombies (Ossuary)
  4 orc zombies (Ossuary)
  31 rats
  A bush (D:8)
  2 fire vortices (D:11)
985 creatures vanquished.

Vanquished Creatures (others)
  A tengu conjurer (D:12)
  A bloated husk (Swamp:2)
  A fire vortex (D:11)
  22 foxfires
  22 fungi
  68 plants
  2 starspawn tentacles (Swamp:2)
117 creatures vanquished.

Grand Total: 1102 creatures vanquished

Notes
Turn   | Place    | Note
-------+----------+-------------------------------------------
     0 | D:1      | greasedhog the Merfolk Fighter began the quest for the Orb.
     0 | D:1      | Reached XP level 1. HP: 18/18 MP: 1/1
   220 | D:1      | Reached XP level 2. HP: 24/24 MP: 2/2
   226 | D:1      | Reached skill level 1 in Dodging
   559 | D:1      | Reached XP level 3. HP: 29/29 MP: 3/3
   902 | D:2      | Found a faded altar of an unknown god.
   924 | D:2      | You fall into a shaft and drop 1 floor!
   932 | D:3      | Found a stormy altar of Qazlal.
   947 | D:2      | Reached skill level 2 in Dodging
   947 | D:2      | Reached XP level 4. HP: 32/37 MP: 4/4
  1136 | D:2      | Reached XP level 5. HP: 42/42 MP: 5/5
  1670 | D:3      | Noticed Jessica
  1675 | D:3      | Killed Jessica
  1676 | D:3      | Reached skill level 5 in Long Blades
  1676 | D:3      | Reached skill level 3 in Dodging
  2144 | D:3      | Reached XP level 6. HP: 49/49 MP: 6/6
  2325 | D:4      | Found a shimmering blue altar of Sif Muna.
  2334 | D:4      | Found a radiant altar of Vehumet.
  2524 | D:4      | Reached skill level 4 in Dodging
  2565 | D:4      | Identified the +1 ring mail "Mixeuv" {Will- Regen+ rCorr
                  | Int+4}
  2576 | D:4      | Reached skill level 5 in Fighting
  2576 | D:4      | Reached XP level 7. HP: 47/56 MP: 7/7
  2711 | D:4      | Found a sand-covered staircase.
  2717 | Ossuary  | Entered an ossuary
  2836 | Ossuary  | Reached skill level 5 in Dodging
  3060 | D:4      | Found a staircase to the Ecumenical Temple.
  3076 | Temple   | Entered the Ecumenical Temple
  3178 | Temple   | Became a worshipper of Warmaster Okawaru
  3460 | D:5      | Entered Level 5 of the Dungeon
  3585 | D:5      | Reached XP level 8. HP: 64/64 MP: 8/8
  3633 | D:5      | Reached skill level 1 in Invocations
  3675 | D:5      | Reached * piety under Okawaru
  3864 | D:5      | Reached skill level 6 in Dodging
  4242 | D:6      | Reached ** piety under Okawaru
  4344 | D:6      | Noticed a two-headed ogre
  4364 | D:6      | Killed a two-headed ogre
  4365 | D:6      | Reached skill level 10 in Long Blades
  4365 | D:6      | Reached skill level 7 in Dodging
  4365 | D:6      | Reached XP level 9. HP: 51/72 MP: 9/11
  4729 | D:6      | Reached *** piety under Okawaru
  4762 | D:6      | Found a glowing drain.
  4772 | Sewer    | Entered a sewer
  5062 | D:6      | Reached skill level 8 in Dodging
  5278 | D:6      | Reached skill level 5 in Invocations
  5294 | D:6      | Reached XP level 10. HP: 80/80 MP: 13/13
  6307 | D:7      | Reached **** piety under Okawaru
  6889 | D:8      | Noticed a cyclops
  6904 | D:8      | Killed a cyclops
  6905 | D:8      | Reached skill level 9 in Dodging
  7280 | D:8      | Reached ***** piety under Okawaru
  7392 | D:8      | Found a large runed translucent door.
  7393 | D:8      | Found a large runed translucent door.
  7553 | D:8      | Identified the +6 falchion "Ovufratox" {pain, rPois rC+
                  | Str+5 Dex-4}
  7793 | D:8      | Found a broken altar of Ashenzari.
  7803 | D:8      | Found a blossoming altar of Fedhas.
  7843 | D:9      | Noticed a deep elf pyromancer
  7913 | D:9      | Noticed Pikel
  7919 | D:8      | Reached XP level 11. HP: 81/87 MP: 15/15
  8011 | D:9      | Noticed a two-headed ogre
  8041 | D:8      | Killed a two-headed ogre
  8042 | D:8      | Reached skill level 10 in Dodging
  8199 | D:9      | Noticed Erica
  8208 | D:8      | Noticed a sun demon
  8457 | D:8      | Killed Pikel
  8527 | D:8      | Killed a deep elf pyromancer
  8649 | D:9      | Killed Erica
  8649 | D:9      | Identified the +1 scale mail of Supple Strength {rElec
                  | SInv} (Okawaru gifted it to you on level 9 of the Dungeon)
  8649 | D:9      | Received a gift from Okawaru
  8717 | D:9      | Noticed a white ugly thing
  8727 | D:9      | Killed a white ugly thing
  8844 | D:9      | Noticed a cyclops
  8857 | D:9      | Killed a cyclops
  8858 | D:9      | Reached skill level 11 in Dodging
  9044 | D:9      | Found Rypyh's Antique Weapon Shop.
  9083 | D:9      | Reached skill level 10 in Fighting
  9391 | D:10     | Entered Level 10 of the Dungeon
  9456 | D:10     | Found a flagged portal.
  9466 | Bailey   | Entered a bailey
  9489 | Bailey   | Reached XP level 12. HP: 88/98 MP: 18/18
  9649 | Bailey   | Noticed a two-headed ogre
  9662 | Bailey   | Killed a two-headed ogre
  9704 | Bailey   | Identified the +2 steam dragon scales "Ytuliuf" {+Blink
                  | Str+4}
  9835 | Bailey   | Found the +5 glaive of the Guard {elec, spectral, AC+5}
  9999 | D:10     | Noticed a sun demon
 10182 | D:10     | Noticed Lodul
 10319 | D:10     | Found a shimmering altar of Xom.
 10320 | D:10     | Found a shimmering altar of Xom.
 10427 | D:9      | Killed Lodul
 10497 | D:10     | Found a shimmering altar of Xom.
 10499 | D:10     | Found a shimmering altar of Xom.
 10516 | D:10     | Reached skill level 12 in Dodging
 11021 | D:11     | Identified the +9 great sword "Bufeb" {drain, *Noise Drain
                  | rElec SInv} (Okawaru gifted it to you on level 11 of the
                  | Dungeon)
 11021 | D:11     | Received a gift from Okawaru
 11336 | D:11     | Found a frozen archway.
 11346 | IceCv    | Entered an ice cave
 11573 | IceCv    | Noticed a quicksilver ooze
 11583 | IceCv    | Killed a quicksilver ooze
 11584 | IceCv    | Reached skill level 5 in Shields
 12101 | IceCv    | Noticed a quicksilver ooze
 12114 | IceCv    | Killed a quicksilver ooze
 12115 | IceCv    | Reached XP level 13. HP: 87/108 MP: 18/20
 12178 | IceCv    | Noticed a quicksilver ooze
 12179 | IceCv    | Noticed an azure jelly
 12191 | IceCv    | Killed a quicksilver ooze
 12191 | IceCv    | Identified the +4 pair of boots of Words of Power {rPois
                  | rC- rCorr Slay-5} (Okawaru gifted it to you in an ice cave)
 12191 | IceCv    | Received a gift from Okawaru
 12192 | IceCv    | Reached skill level 13 in Dodging
 12192 | IceCv    | Reached skill level 10 in Invocations
 12246 | IceCv    | Found a viscous altar of Jiyva.
 12263 | IceCv    | Killed an azure jelly
 12277 | IceCv    | Got the ring "Zity" {Ice Drain rN+ Will+ Str+3}
 13594 | D:11     | Identified the +8 quarterstaff of Cekkeam {antimagic, Int-3
                  | Dex+4}
 13928 | D:11     | Found a staircase to the Lair.
 14358 | Lair:1   | Entered Level 1 of the Lair of Beasts
 15192 | Lair:2   | Received a gift from Okawaru
 15192 | Lair:2   | Noticed Gastronok
 15336 | Lair:2   | Killed Gastronok
 15486 | Lair:2   | Found a staircase to the Swamp.
 15493 | Lair:2   | Reached skill level 14 in Dodging
 15846 | Lair:2   | Reached XP level 14. HP: 74/118 MP: 22/22
 16635 | Lair:2   | Found a hole to the Spider Nest.
 16753 | Lair:2   | Received a gift from Okawaru
 17305 | Lair:3   | Reached skill level 10 in Shields
 17666 | Lair:3   | Identified the +5 demon blade of Invincibility {drain,
                  | rPois rF- rN+} (Okawaru gifted it to you on level 3 of the
                  | Lair of Beasts)
 17666 | Lair:3   | Received a gift from Okawaru
 18251 | Lair:4   | Found a viscous altar of Jiyva.
 18252 | Lair:4   | Found a staircase to the Slime Pits.
 18320 | Lair:4   | Noticed Nessos
 18328 | Lair:4   | Killed Nessos
 18349 | Lair:4   | Reached ****** piety under Okawaru
 18561 | Lair:4   | Reached skill level 15 in Dodging
 19186 | Lair:5   | Entered Level 5 of the Lair of Beasts
 19209 | Lair:5   | Noticed Snorg
 19228 | Lair:5   | Killed Snorg
 19384 | Lair:5   | Noticed Urug
 19398 | Lair:5   | Killed Urug
 19600 | Lair:5   | Identified the +8 long sword of Recklessness {freeze, rC+
                  | MP+9} (Okawaru gifted it to you on level 5 of the Lair of
                  | Beasts)
 19600 | Lair:5   | Received a gift from Okawaru
 19642 | Lair:5   | Reached XP level 15. HP: 79/126 MP: 24/24
 20066 | Lair:5   | Found a runed translucent door.
 20461 | Lair:5   | Identified the +5 scimitar "Ekheadis" {speed, Str+6 Stlth+}
 20532 | Lair:5   | Noticed Sonja
 20540 | Lair:5   | Killed Sonja
 20617 | Lair:5   | Identified the +7 demon trident of Might {elec, Fly MP+9}
                  | (Okawaru gifted it to you on level 5 of the Lair of Beasts)
 20617 | Lair:5   | Received a gift from Okawaru
 21128 | Lair:5   | Reached skill level 16 in Dodging
 21517 | Lair:5   | Identified the +11 demon blade of Yfauli Kame {pain, rPois
                  | Str+3}
 22171 | D:12     | Found a runed translucent door.
 22171 | D:12     | Noticed samgaumpmail's ghost (journeyman TrTm)
 22191 | D:12     | Killed samgaumpmail's ghost
 22201 | D:12     | Got the Compilation of Transmogrification and the Valley
 22402 | D:12     | Found a staircase to the Orcish Mines.
 23227 | Orc:1    | Entered Level 1 of the Orcish Mines
 23240 | D:12     | Received a gift from Okawaru
 23397 | Orc:1    | Paralysed by an orc sorcerer for 2 turns
 23508 | Orc:1    | Found Doinusse's Antique Weapon Boutique.
 23626 | Orc:1    | Found Ohyesu's Jewellery Boutique.
 23947 | Orc:2    | Entered Level 2 of the Orcish Mines
 24565 | Orc:1    | Reached XP level 16. HP: 95/134 MP: 26/26
 24686 | Orc:1    | Reached skill level 15 in Fighting
 24951 | Orc:2    | Found a staircase to the Elven Halls.
 24958 | Orc:2    | Reached skill level 17 in Dodging
 25158 | Orc:2    | Found Haol's Jewellery Boutique.
 25158 | Orc:2    | Found Kocautyc's Armour Emporium.
 25159 | Orc:2    | Found Coho Orghuts's Armour Shoppe.
 25159 | Orc:2    | Found Batoizam's Antique Armour Boutique.
 25169 | Orc:2    | Upgraded the game from 0.30-a0-652-gcc886f7154 to
                  | 0.30-a0-672-gc3a7216ad8
 25615 | D:13     | Found Uwusicy's Book Shop.
 26455 | D:13     | Identified 2 scrolls of acquirement
 26456 | D:13     | Acquired the +8 double sword of the Snake Pit {venom, rPois
                  | Int+4}
 26459 | D:13     | Acquired 565 gold pieces
 26491 | D:13     | Received a gift from Okawaru
 26693 | D:13     | Reached skill level 18 in Dodging
 26766 | D:13     | Found a gate to the Vaults.
 27053 | D:14     | Identified the +0 pair of boots of Kuekatot {rPois rC+
                  | Dex-4 Stlth+}
 27832 | D:14     | Identified the +2 robe of the Yeti {Str+4 Int+4}
 28023 | D:14     | Reached skill level 15 in Long Blades
 28652 | D:15     | Entered Level 15 of the Dungeon
 28775 | D:15     | Noticed Louise
 28791 | D:15     | Received a gift from Okawaru
 28800 | D:15     | Noticed Kirke
 28801 | D:15     | Killed Louise
 28817 | D:15     | Found an iron altar of Okawaru.
 29315 | D:15     | Found a staircase to the Depths.
 30474 | D:15     | Killed Kirke
 30890 | D:15     | Reached XP level 17. HP: 120/144 MP: 27/27
 31362 | Swamp:1  | Entered Level 1 of the Swamp
 31448 | Swamp:1  | Received a gift from Okawaru
 31449 | Swamp:1  | Reached skill level 19 in Dodging
 32894 | Swamp:2  | Noticed Mlioglotl
 32909 | Swamp:2  | Noticed a tentacled starspawn
 32911 | Swamp:2  | Killed Mlioglotl
 32912 | Swamp:2  | Reached skill level 20 in Dodging
 33329 | Swamp:2  | Received a gift from Okawaru
 33616 | Swamp:3  | Noticed a tentacled monstrosity
 33637 | Swamp:3  | Killed a tentacled monstrosity
 34672 | Swamp:4  | Entered Level 4 of the Swamp
 34869 | Swamp:3  | Reached skill level 21 in Dodging
 35367 | Arena    | Entered the Arena
 35375 | Arena    | HP: 2/147 [something (6)]
 35375 | Arena    | Succumbed to poison (dark miasma)

Illustrated notes

Levels and vault maps discovered:
D:1:      psy_arrival_whirlpool, layout_basic
D:2:      minmay_roachtagon, layout_loops_ring,
          hellmonk_ecumenical_altar_crossroads, grunt_ministairs_6,
          chequers_serial_rivers_room_b, minmay_misc_feat_rows
D:3:      layout_basic, nicolae_qazlal_scattered_showers, uniq_jessica
D:4:      layout_cave_pools, amethyst_overflow_temple_binary,
          minmay_temple_entry_glassed_door, nicolae_ossuary_entry_plus
D:5:      layout_basic
D:6:      layout_cave_pods, cheibrodos_sewer_entry_bend,
          serial_co_window_serial, co_window_of_opportunity_a,
          co_window_paths_a, co_window_of_opportunity_a, co_window_corner_a,
          co_window_of_opportunity_a, co_window_paths_a, co_window_corner_cb,
          co_window_corner_b, co_window_paths_c, co_window_cross_3,
          co_window_paths_c, co_window_paths_c, co_window_4corner_a,
          glass_columns_b, minmay_bent
D:7:      layout_gridville
D:8:      layout_basic, jmf_multi_god_temple2, grunt_decor_arrowhead,
          hex_intersection, kb_lookout_dungeons_type, minmay_sticks_and_stones
D:9:      minmay_imperfect_grid, layout_cave_pools, serial_shops,
          nicolae_shop_temple_entry_statues_fountains, uniq_pikel, uniq_erica
D:10:     layout_big_octagon, xom_redecorated, enter_bailey_2, library_closet,
          uniq_lodul
D:11:     layout_irregular_city, david_lair_shrubbed, serial_ice, serial_ice_o,
          serial_ice_j, serial_ice_d, serial_ice_m,
          portal_ice_cave_entry_pillars_2, hangedman_incinerator
D:12:     layout_gridville, orc_0_dummy, ebering_ghost_reflecting_pool
D:13:     layout_layer_cave, grunt_vaults_entry_tiered, serial_shops,
          nicolae_shop_statue_plus, nicolae_looking_at_the_future
D:14:     layout_stronghold, nicolae_two_hexagons, grunt_decor_one_mirror,
          grunt_ministairs_9
D:15:     grunt_enter_depths_giant_problem, layout_small_grid,
          okawaru_metal_pillars_1_2, uniq_louise, uniq_kirke
Temple:   lightli_temple_of_artemis
Lair:1:   layout_hall_layers, chequers_serial_rivers_marsh
Lair:2:   layout_hall_layers, skrybe_swamp_entry_bodies,
          spider_nest_entry_funnel_web, bobbens_dragon_lair_wall,
          infiniplex_staircase_pool, uniq_gastronok
Lair:3:   regret_index_bee_streams, layout_chaotic_city, lemuel_fruit_tree
Lair:4:   layout_loops_ring, slime_entry_1, uniq_nessos
Lair:5:   hangedman_lair_in_review, layout_hall_layers, wormcave,
          minmay_shattered_shrine, uniq_sonja, uniq_snorg, uniq_urug
Swamp:1:  layout_basic_swamp, evilmike_swamp_ruin_house_2, swamp_pool4
Swamp:2:  layout_basic_swamp, evilmike_swamp_ruin_rubble_1, uniq_mlioglotl
Swamp:3:  layout_basic_swamp, nicolae_swamp_some_circles
Swamp:4:  swamp_pestilence, layout_basic_swamp, swamp_pool4,
          nicolae_swamp_big_swirl, infiniplex_staircase_pool_2
Orc:1:    layout_caves, basic_altar, serial_shops,
          nicolae_shop_bloodbath_and_beyond, nicolae_shop_statue_plus,
          nicolae_shop_advertising_works [nicolae_subvault_shop_adworks], shop
Orc:2:    st_orc_ogre_mass, layout_caves
Arena

Skill      XL: |  1  2  3  4  5  6  7  8  9 10 11 12 13 14 15 16 17 |
---------------+----------------------------------------------------+-----
Dodging        | 1 2 3 4 5 7 8 9 11 12 14 15 16 18 21 | 21.3
Long Blades    | 3 4 5 6 7 10 11 12 14 16 | 16.0
Fighting       | 4 5 7 8 10 12 13 14 16 17 | 17.3
Invocations    | 3 5 6 8 9 11 12 13 | 13.5
Shields        | 6 9 11 13 | 13.6
Armour         | |  2.1

Action                   |  1- 3 |  4- 6 |  7- 9 | 10-12 | 13-15 | 16-18 || total
-------------------------+-------+-------+-------+-------+-------+-------++-------
Melee: Long sword        |   101 |    41 |       |       |       |       ||   142
       Scimitar          |       |   182 |   491 |   717 |   679 |    14 ||  2083
       Tailslap          |       |       |     8 |     8 |     1 |    38 ||    55
       Falchion          |       |       |       |   201 |   140 |       ||   341
       Demon blade       |       |       |       |       |   839 |   208 ||  1047
       Double sword      |       |       |       |       |       |   862 ||   862
       Unarmed           |       |       |       |       |       |    12 ||    12
Throw: Dart              |       |     1 |    21 |    45 |     3 |       ||    70
       Boomerang         |       |       |     3 |    13 |    25 |    12 ||    53
       Throwing net      |       |       |       |     1 |       |       ||     1
Invok: Heroism           |       |       |     1 |     5 |    10 |     8 ||    24
       Finesse           |       |       |       |       |     2 |     4 ||     6
       Duel              |       |       |       |       |       |     1 ||     1
Evoke: Wand              |       |       |       |       |       |     2 ||     2
  Use: Scroll            |       |     3 |     6 |     9 |     6 |    11 ||    35
       Potion            |       |       |       |       |       |     2 ||     2
 Stab: Held in net/web   |       |       |       |     2 |       |       ||     2
       Sleeping          |       |       |       |       |     2 |     5 ||     7
       Distracted        |       |       |       |       |     1 |       ||     1
       Petrified         |       |       |       |       |     7 |       ||     7
       Petrifying        |       |       |       |       |     1 |       ||     1
Armor: Scale mail        |    27 |       |       |       |       |       ||    27
       Ring mail         |    25 |    63 |    99 |    83 |       |       ||   270
       Steam dragon scal |       |       |       |    43 |   242 |   100 ||   385
Dodge: Dodged            |    52 |   182 |   502 |   541 |   976 |   593 ||  2846
Block: Buckler           |    23 |    50 |   131 |   182 |       |       ||   386
       Reflection        |       |       |       |    19 |    23 |    22 ||    64
       Kite shield       |       |       |       |   203 |  1394 |   864 ||  2461
       Other             |       |       |       |       |       |     2 ||     2

Table legend: (Time is in decaauts)
 A = Elapsed time spent in this place.
 B = Non-inter-level travel time spent in this place.
 C = Inter-level travel time spent in this place.
 D = Time resting spent in this place.
 E = Time spent auto-exploring this place.
 F = Levels seen in this place.
 G = Mean time per level.
                   A        B        C        D        E       F      G
               +--------+--------+--------+--------+--------+-----+--------+
         Total |  34455 |  33187 |   1268 |   7703 |  16670 |  32 | 1076.7 |
       Dungeon |  18686 |  17814 |    872 |   3558 |   9642 |  15 | 1245.7 |
        Temple |    110 |    110 |      0 |      0 |     84 |   1 |  110.0 |
          Lair |   7506 |   7239 |    267 |   1402 |   3916 |   5 | 1501.2 |
         Swamp |   3695 |   3640 |     55 |   1365 |   1572 |   4 |  923.8 |
  Orcish Mines |   1877 |   1806 |     71 |    522 |    823 |   2 |  938.5 |
         Sewer |    242 |    242 |      0 |      0 |     89 |   1 |  242.0 |
       Ossuary |    255 |    255 |      0 |      0 |    112 |   1 |  255.0 |
        Bailey |    471 |    471 |      0 |    212 |     56 |   1 |  471.0 |
      Ice Cave |   1604 |   1604 |      0 |    643 |    373 |   1 | 1604.0 |
         Arena |      6 |      6 |      0 |      0 |      0 |   1 |    6.0 |
               +--------+--------+--------+--------+--------+-----+--------+

Top non-repeatable levels by time:
  Lair:5: 2509 daAuts
    D:15: 2328 daAuts
    D:14: 1803 daAuts
  Lair:2: 1721 daAuts
     D:8: 1650 daAuts
    D:13: 1644 daAuts
    D:11: 1632 daAuts
   IceCv: 1604 daAuts
     D:6: 1424 daAuts
    D:12: 1381 daAuts
 Swamp:3: 1285 daAuts
  Lair:3: 1238 daAuts
   Orc:1: 1164 daAuts
 Swamp:1: 1139 daAuts
     D:9: 1128 daAuts
